Map: Romanticide LE

Players

Serral - Winner!

  • Race: Zerg Zerg
  • Spawn Location: 5:00

Bunny

  • Race: Terran Terran
  • Spawn Location: 11:00

Event: IEM Katowice 2021

VOD

Have the link to the VOD?

Description

Time

  • Played on: Feb. 23, 2021, 11:03 a.m.
  • Length: 25:06

All games in this series

Show
View Real Time Build Order
Export as new Build Order

Serral Zerg - Winner!

Build Orders: Hatch First, Lurkers 

Get SALT Encoding   

  12  0:00  Drone  
  13  0:12  Overlord  
  13  0:16  Drone  
  14  0:30  Drone x2  
  16  0:48  Hatchery  
  15  0:51  Drone  
  15  0:54  Drone  
  17  0:58  Drone  
  18  1:08  Extractor  
  17  1:13  Spawning Pool  
  17  1:16  Drone  
  17  1:19  Drone  
  18  1:27  Drone  
  19  1:38  Drone  
  20  1:49  Drone  
  21  2:00  Queen x2  
  26  2:01  Zergling x4  
  27  2:10  Overlord  
  27  2:11  Drone  
  27  2:12  Metabolic Boost  
  28  2:29  Hatchery  
  27  2:30  Drone  
  27  2:33  Drone  
  27  2:36  Drone  
  29  2:40  Drone  
  30  2:46  Queen  
  30  2:50  Overlord  
  32  2:53  Drone  
  32  2:57  Drone  
  32  2:58  Drone  
  35  3:10  Drone x4  
  35  3:11  Overlord  
  39  3:16  Drone  
  39  3:17  Drone  
  41  3:22  Queen  
  43  3:29  Queen  
  43  3:32  Overlord  
  45  3:36  Drone  
  45  3:41  Drone x2, Queen  
  48  3:42  Zergling x2  
  48  3:44  Zergling x2  
  48  3:47  Drone x2  
  54  3:53  Zergling x2  
  54  3:55  Overlord  
  55  3:56  Drone x2  
  55  3:57  Drone  
  55  4:01  Drone  
  59  4:02  Queen  
  59  4:08  Zergling x2  
  62  4:10  Drone x2  
  62  4:13  Drone  
  62  4:16  Zergling x2, Overlord  
  66  4:19  Drone x3  
  70  4:24  Zergling x2  
  70  4:25  Overlord  
  70  4:29  Drone  
  70  4:30  Spore Crawler  
  70  4:33  Lair  
  70  4:38  Zergling x2  
  71  4:39  Drone x2  
  71  4:43  Extractor  
  71  4:44  Extractor, Drone x3  
  74  4:46  Baneling Nest  
  74  4:48  Spore Crawler  
  74  4:51  Zergling x2  
  73  4:53  Drone  
  73  4:55  Drone x2  
  73  4:56  Drone  
  73  4:58  Drone  
  78  5:01  Drone x2  
  78  5:02  Drone x2  
  78  5:04  Hatchery  
  81  5:08  Zergling x2, Evolution Chamber  
  81  5:13  Zergling x2  
  82  5:19  Overlord  
  80  5:25  Overlord  
  80  5:26  Evolution Chamber, Drone x2  
  80  5:27  Evolution Chamber  
  80  5:28  Drone x2  
  82  5:31  Overlord  
  82  5:33  Extractor  
  82  5:34  Centrifical Hooks  
  82  5:35  Drone  
  82  5:37  Overlord, Extractor  
  82  5:38  Overlord  
  82  5:40  Overlord  
  82  5:41  Drone  
  82  5:45  Hydralisk Den  
  82  5:46  Drone x2  
  83  5:53  Zergling x2  
  83  5:56  Drone x4  
  88  5:58  Zerg Melee Weapons Level 1  
  88  6:00  Drone  
  88  6:03  Drone x5  
  88  6:04  Drone x2  
  96  6:09  Pneumatized Carapace  
  96  6:11  Overlord  
  96  6:15  Drone x2  
  96  6:16  Queen  
  96  6:17  Zerg Ground Armor Level 1  
  100  6:21  Drone x2  
  100  6:22  Drone  
  100  6:23  Zergling x4  
  100  6:24  Zergling x4  
  106  6:25  Baneling x4  
  106  6:28  Zergling x2  
  106  6:31  Zergling x8  
  106  6:32  Zergling x6  
  114  6:36  Zergling x2  
  115  6:40  Muscular Augments, Overlord  
  115  6:41  Zergling x2  
  115  6:44  Baneling x5  
  115  6:45  Zergling x2  
  115  6:46  Zergling x2  
  118  6:50  Overlord  
  118  6:52  Zergling x14  
  125  6:55  Baneling x4  
  125  7:00  Zergling x8  
  125  7:01  Zergling x8  
  133  7:08  Baneling x7  
  133  7:09  Overlord  
  133  7:11  Zergling x4  
  134  7:23  Zergling x16  
  134  7:28  Overlord  
  137  7:33  Overlord  
  137  7:35  Overlord  
  137  7:36  Drone x4  
  137  7:37  Drone  
  134  7:40  Overlord  
  134  7:41  Hydralisk, Extractor, Drone  
  134  7:42  Hydralisk x3, Hatchery  
  141  7:45  Hydralisk  
  141  7:50  Hydralisk x2  
  147  7:52  Baneling, Grooved Spines  
  147  7:57  Zergling x4  
  146  8:02  Baneling x3  
  146  8:03  Zerg Missile Weapons Level 1  
  146  8:06  Zergling x8  
  146  8:08  Baneling x5  
  150  8:13  Drone  
  150  8:14  Drone  
  150  8:16  Extractor  
  150  8:17  Drone x3  
  154  8:23  Zergling x22, Infestation Pit  
  154  8:26  Zerg Ground Armor Level 2  
  164  8:29  Drone  
  165  8:36  Hydralisk x3  
  171  8:41  Hydralisk  
  171  8:42  Zergling x22  
  171  8:46  Zergling x2  
  185  8:55  Zergling x8  
  188  9:05  Hive  
  188  9:07  Lurker Den  
  188  9:09  Zergling x2  
  182  9:10  Zergling x32  
  191  9:23  Hydralisk x3  
  191  9:24  Hydralisk  
  192  9:30  Overlord  
  197  9:32  Hatchery, Overlord  
  197  9:33  Overlord  
  197  9:36  Overlord  
  197  9:37  Overlord  
  194  9:39  Extractor  
  194  9:42  Overlord  
  194  9:44  Overlord  
  193  9:50  Overlord  
  193  9:57  Baneling x21  
  192  10:03  Overseer x2  
  191  10:07  Drone x8  
  191  10:13  Zergling x2  
  191  10:14  Zergling x12  
  200  10:17  Baneling x2  
  200  10:18  Baneling x19  
  198  10:22  Overlord  
  198  10:26  Seismic Spines  
  198  10:35  Zergling x8  
  195  10:47  Viper x2  
  191  10:56  Zergling x22  
  191  10:57  Zergling x6  
  200  10:59  Burrow  
  191  11:10  Zergling x26  
  200  11:18  Extractor x2  
  197  11:23  Zerg Missile Weapons Level 2, Zerg Ground Armor Level 3  
  197  11:25  Baneling x10  
  197  11:33  Drone x2  
  197  11:35  Overlord  
  197  11:38  Adaptive Talons  
  197  11:39  Hatchery  
  198  11:43  Hatchery  
  187  12:06  Lurker x5  
  187  12:07  Lurker x4  
  196  12:08  Zergling x4  
  196  12:09  Zergling x2  
  196  12:14  Overseer  
  199  12:25  Baneling x10  
  195  12:40  Lurker x2  
  195  12:41  Lurker x2  
  195  12:44  Hydralisk  
  200  12:57  Unknown  
  187  13:04  Zergling x36  
  187  13:05  Zergling x8  
  187  13:08  Zergling x10  
  187  13:09  Zergling x14  
  199  13:16  Spire  
  199  13:17  Spire  
  197  13:21  Baneling x5  
  197  13:33  Baneling x14  
  197  13:34  Baneling x4  
  191  13:37  Viper x2  
  191  13:39  Zerg Melee Weapons Level 2  
  193  13:46  Zergling x2  
  193  13:47  Zergling x12  
  200  13:58  Baneling x9  
  200  14:01  Spore Crawler  
  199  14:04  Zerg Missile Weapons Level 3  
  178  14:17  Zergling x30  
  189  14:26  Zergling x2  
  189  14:27  Zergling x32  
  198  14:38  Zergling x34  
  186  14:42  Hydralisk, Lurker x2  
  186  14:43  Hydralisk x4  
  192  14:50  Zergling x2  
  192  14:51  Zergling x36  
  197  15:00  Hydralisk  
  197  15:04  Zerg Flyer Armor Level 1, Zerg Flyer Weapons Level 1  
  199  15:12  Baneling x15  
  188  15:26  Zergling x44  
  183  15:38  Lurker  
  183  15:39  Baneling x25  
  183  15:41  Lurker x5  
  189  15:42  Zergling x2  
  189  15:43  Zergling x8  
  189  15:44  Overseer  
  199  15:50  Spore Crawler  
  199  15:52  Drone x7  
  199  15:56  Baneling x10  
  199  16:04  Overseer  
  199  16:06  Hatchery  
  158  16:27  Hydralisk x3  
  158  16:28  Hydralisk x2, Zergling x4  
  158  16:29  Zergling x34  
  185  16:42  Hatchery  
  185  16:46  Hydralisk x6  
  178  16:55  Hatchery  
  178  16:57  Lurker x3  
  178  17:00  Lurker x2  
  158  17:13  Baneling x3  
  158  17:16  Lurker x6  
  158  17:19  Hydralisk  
  163  17:29  Hydralisk x6  
  168  17:35  Drone x2  
  176  17:39  Overseer  
  176  17:40  Zergling x12  
  176  17:42  Baneling x2  
  182  17:48  Zergling x10  
  185  17:53  Lurker  
  185  17:54  Lurker  
  183  18:00  Overseer, Lurker x5  
  185  18:08  Hydralisk x3  
  185  18:09  Zergling x4  
  189  18:15  Zergling x10  
  189  18:19  Baneling x5  
  194  18:23  Drone x5  
  197  18:40  Zergling x18  
  189  18:57  Hydralisk x3  
  189  18:58  Zergling x8  
  199  19:08  Hatchery, Lurker  
  199  19:10  Baneling x9  
  197  19:17  Zerg Melee Weapons Level 3  
  197  19:26  Baneling x7  
  197  19:27  Baneling x4  
  191  19:37  Lurker x3  
  191  19:38  Lurker x2  
  196  19:45  Zergling x12  
  199  19:56  Zerg Flyer Weapons Level 2, Greater Spire  
  196  20:02  Zergling x10  
  196  20:03  Zergling x2  
  186  20:14  Zergling x28  
  195  20:21  Hydralisk x2  
  198  20:33  Hydralisk x2  
  198  20:34  Zergling x2  
  199  20:36  Baneling x10  
  199  20:43  Extractor  
  199  20:44  Extractor  
  199  20:49  Hatchery  
  181  20:50  Overseer  
  181  20:51  Baneling x6  
  181  20:52  Hydralisk x4  
  181  20:53  Zergling x20  
  199  21:01  Overseer  
  199  21:06  Baneling x7  
  199  21:12  Overseer  
  199  21:13  Overseer x2  
  198  21:23  Lurker  
  199  21:30  Spore Crawler  
  182  21:49  Zergling x40  
  199  21:54  Zergling x2  
  199  22:01  Baneling x14  
  182  22:11  Hydralisk  
  182  22:12  Hydralisk x13  
  190  22:20  Zergling x32  
  182  22:25  Hatchery  
  182  22:26  Drone x6  
  182  22:27  Baneling x2  
  182  22:28  Baneling  
  184  22:32  Zergling x6  
  180  22:59  Zergling x2  
  180  23:00  Zergling x34  
  190  23:13  Zergling x2  
  190  23:14  Zergling x14  
  197  23:22  Hatchery, Baneling x16  
  197  23:25  Zergling x14  
  199  23:34  Hatchery  
  166  23:41  Hydralisk x8  
  166  23:42  Overseer  
  166  23:46  Hatchery  
  179  24:01  Lurker x11  
  190  24:03  Baneling  
  190  24:10  Drone x3  
  190  24:11  Drone x5  
  176  24:25  Zergling x20  
  177  24:32  Zergling x2  
  177  24:33  Zergling x6  
  177  24:41  Zergling x6  
Show
View Real Time Build Order
Export as new Build Order

Bunny Terran 

Build Orders: Liberator Opening, Reaper Expand 

Get SALT Encoding   

  12  0:00  SCV  
  13  0:12  SCV  
  14  0:17  Supply Depot  
  14  0:24  SCV  
  15  0:39  SCV  
  15  0:41  Barracks  
  16  0:44  Refinery  
  16  0:51  SCV  
  17  1:03  SCV  
  18  1:15  SCV  
  19  1:28  Reaper, Orbital Command  
  20  1:39  Command Center  
  20  1:47  Supply Depot  
  20  1:54  SCV  
  21  1:59  Marine  
  22  2:06  SCV  
  23  2:09  Factory  
  23  2:18  SCV  
  24  2:23  Barracks Reactor  
  24  2:30  SCV  
  25  2:40  Command Center  
  25  2:42  SCV  
  26  2:50  Orbital Command  
  26  2:54  SCV  
  27  3:00  Starport  
  27  3:06  Refinery  
  27  3:08  SCV  
  27  3:12  Hellion  
  30  3:14  Hellion  
  30  3:17  SCV  
  33  3:20  SCV, Marine  
  35  3:29  SCV  
  35  3:32  SCV  
  35  3:33  Hellion  
  39  3:35  Hellion  
  41  3:42  Liberator  
  41  3:44  SCV x2  
  41  3:47  Barracks Tech Lab  
  46  3:53  Supply Depot  
  46  3:54  Orbital Command  
  46  3:56  SCV  
  46  4:02  SCV  
  50  4:03  Hellion x2  
  52  4:10  Stimpack, SCV  
  52  4:14  SCV  
  54  4:19  Supply Depot  
  54  4:20  Orbital Command  
  56  4:24  Hellion  
  56  4:25  Hellion  
  56  4:27  SCV x2  
  60  4:39  SCV x2  
  60  4:41  Marine  
  63  4:48  SCV  
  63  4:51  SCV x2  
  66  4:53  Barracks  
  66  4:54  Refinery, Engineering Bay x2  
  66  4:55  Factory Reactor  
  66  4:56  Barracks  
  66  4:58  Starport Reactor  
  66  5:00  SCV  
  66  5:01  Supply Depot, Marine  
  66  5:03  SCV x2  
  70  5:10  Refinery  
  70  5:13  SCV  
  71  5:15  SCV x2  
  71  5:19  Marine  
  74  5:25  Supply Depot  
  74  5:26  SCV  
  74  5:27  SCV x2  
  74  5:28  Terran Infantry Weapons Level 1, Terran Infantry Armor Level 1  
  74  5:38  SCV, Marine  
  74  5:39  SCV  
  74  5:40  SCV, Barracks  
  74  5:41  Barracks, Factory Tech Lab  
  78  5:43  Marine x2  
  78  5:48  Supply Depot  
  80  5:50  Medivac x2  
  80  5:51  SCV  
  80  5:52  SCV x2  
  80  5:55  Marine x3  
  90  6:00  Marine, Siege Tank  
  90  6:02  Marine  
  92  6:05  SCV  
  92  6:06  Supply Depot  
  92  6:07  Supply Depot, Combat Shield  
  92  6:08  Supply Depot  
  92  6:09  SCV x2  
  95  6:11  Supply Depot  
  95  6:14  Refinery  
  95  6:15  Marine x3  
  95  6:17  SCV  
  99  6:18  Marine  
  99  6:19  Marine  
  101  6:28  Medivac x2, SCV x2  
  101  6:30  Barracks Reactor x2  
  107  6:34  SCV  
  107  6:36  Supply Depot  
  107  6:37  Marine x5  
  107  6:38  Supply Depot  
  107  6:39  Siege Tank  
  114  6:40  SCV x2  
  114  6:47  SCV  
  117  6:52  SCV x2  
  117  6:53  Armory  
  119  6:57  Marine x3  
  119  6:58  Medivac, Marine x2  
  124  7:02  Medivac  
  126  7:08  Command Center  
  126  7:10  Refinery  
  126  7:16  Marine  
  126  7:21  Siege Tank  
  130  7:23  Marine x8  
  130  7:27  SCV x3  
  139  7:34  Marine  
  125  7:39  Barracks  
  125  7:40  Barracks, Marine  
  125  7:41  Marine x7  
  125  7:44  Barracks  
  133  7:46  Liberator  
  133  7:47  Liberator  
  139  7:52  Marine, Terran Infantry Weapons Level 2  
  139  7:57  Siege Tank  
  143  8:00  Marine  
  143  8:01  Marine x5  
  149  8:09  Supply Depot, Marine x2  
  149  8:10  Supply Depot  
  151  8:14  Factory  
  151  8:16  Terran Infantry Armor Level 2  
  151  8:23  Marine x3  
  151  8:24  Marine x4  
  158  8:27  Marauder  
  158  8:30  Barracks Reactor, Barracks Tech Lab x2  
  160  8:34  Siege Tank  
  160  8:38  Marine  
  160  8:41  Marine x7  
  164  8:45  Terran Vehicle Weapons Level 1  
  164  8:46  Medivac  
  164  8:47  Medivac  
  175  8:52  Marauder  
  175  8:53  Marauder x2  
  181  9:04  Factory Tech Lab  
  181  9:05  Marine x8  
  181  9:08  Siege Tank  
  179  9:10  Marine x2  
  179  9:13  Marine  
  179  9:14  Marine x2  
  175  9:17  Concussive Shells  
  175  9:19  Medivac  
  175  9:21  Medivac  
  175  9:23  Marine  
  173  9:34  Marauder x3  
  173  9:36  Marine x3  
  173  9:37  Marine x6  
  183  9:41  Marine, Siege Tank  
  187  9:45  Planetary Fortress  
  187  9:57  Supply Depot  
  187  10:01  Marauder, Siege Tank  
  187  10:02  Marauder x2  
  196  10:11  Marine x2  
  196  10:12  Marine  
  196  10:19  Siege Tank  
  196  10:20  Sensor Tower  
  199  10:27  Terran Infantry Weapons Level 3  
  199  10:32  Command Center  
  199  10:35  Sensor Tower  
  195  10:53  Supply Depot x4  
  195  10:54  Supply Depot  
  195  10:55  Supply Depot  
  192  11:03  Terran Infantry Armor Level 3  
  185  11:10  Supply Depot  
  184  11:11  Supply Depot  
  184  11:12  Supply Depot  
  184  11:15  Medivac x2, Siege Tank  
  184  11:16  Marauder  
  184  11:17  Marauder, Marine x2  
  184  11:18  Marine  
  198  11:28  Unknown  
  198  11:31  Marine  
  198  11:32  Marine  
  199  11:59  Siege Tank x2  
  199  12:08  Planetary Fortress  
  199  12:17  Terran Vehicle Weapons Level 2, Missile Turret  
  199  12:18  Missile Turret  
  199  12:21  Missile Turret, Ghost Academy  
  199  12:27  Command Center  
  199  12:29  Command Center  
  199  12:33  Command Center  
  198  12:46  Refinery  
  198  12:48  Refinery, Sensor Tower  
  198  12:49  Missile Turret  
  198  12:50  Missile Turret  
  198  12:52  Missile Turret  
  195  13:02  Missile Turret  
  180  13:07  Command Center  
  180  13:08  Siege Tank x2  
  180  13:10  Ghost x3  
  180  13:11  Barracks Tech Lab  
  180  13:12  Personal Cloaking  
  191  13:13  Neosteel Armor  
  186  13:40  Siege Tank x2  
  192  13:42  Ghost x4  
  192  13:48  Missile Turret, Planetary Fortress  
  200  13:51  Orbital Command  
  200  14:13  Siege Tank x2  
  200  14:15  Marauder x4, Marine x4  
  200  14:17  Marine x4  
  194  14:31  Medivac  
  194  14:32  Medivac, Marine  
  194  14:33  Marine x2  
  194  14:34  Marine  
  194  14:35  Marine  
  177  14:40  SCV x3  
  177  14:41  SCV x2  
  177  14:45  Siege Tank x2  
  179  14:52  SCV, Ghost x3  
  168  14:53  SCV x2  
  168  14:57  Planetary Fortress  
  170  15:03  SCV  
  170  15:04  SCV x2  
  170  15:06  SCV x2  
  175  15:16  Medivac x2, SCV  
  154  15:31  Siege Tank x2  
  154  15:34  Ghost x2  
  154  15:35  Planetary Fortress  
  154  15:37  Marine  
  154  15:38  Marine, Refinery x2  
  154  15:44  SCV x5  
  154  15:45  SCV  
  154  15:49  Marine  
  160  15:50  Marine x3  
  160  15:52  SCV  
  165  15:59  Missile Turret  
  165  16:00  SCV  
  166  16:04  SCV  
  166  16:07  Siege Tank  
  166  16:08  Siege Tank  
  173  16:12  SCV  
  173  16:13  Missile Turret  
  165  16:24  SCV  
  136  16:28  Ghost  
  136  16:29  Ghost x2  
  136  16:30  Marine  
  136  16:31  Marine  
  143  16:36  SCV  
  137  16:47  Marine x6  
  137  16:52  Marine x3  
  145  16:57  Marine  
  146  17:08  Marauder x2, Marine x4  
  139  17:11  Marauder  
  139  17:12  Marine  
  139  17:13  Marine x3  
  148  17:16  Marauder  
  148  17:22  Siege Tank, Orbital Command  
  153  17:25  Marine  
  153  17:26  Marine  
  153  17:28  Missile Turret  
  153  17:29  Marauder  
  157  17:32  Siege Tank  
  157  17:33  Marine x3  
  163  17:37  SCV  
  163  17:38  SCV  
  165  17:54  Siege Tank  
  165  17:58  Ghost x2  
  168  18:01  Marine x8  
  180  18:12  Siege Tank  
  187  18:13  Marauder x2  
  187  18:19  Marine x5  
  192  18:26  Siege Tank  
  192  18:27  Marine x3, Ghost  
  193  18:43  Liberator x2  
  193  18:47  Marine x10  
  195  19:09  Supply Depot  
  195  19:16  Missile Turret  
  187  19:25  Supply Depot  
  187  19:27  Marine x6  
  187  19:28  Marine x2  
  187  19:30  Marauder  
  183  19:40  Siege Tank x2  
  183  19:41  Ghost x2  
  183  19:45  Ghost  
  190  19:49  Marine x7  
  190  19:50  Marine  
  190  19:51  Ghost, Orbital Command  
  190  20:09  Ghost  
  187  20:14  Siege Tank x2  
  176  20:22  Marine x2  
  176  20:23  Marine x9  
  187  20:38  Marine  
  187  20:40  Marine x3  
  187  20:42  Marine  
  195  20:46  Siege Tank x2  
  191  20:52  Marine x4  
  191  20:56  Marine x4  
  191  20:57  Orbital Command  
  195  20:58  Supply Depot  
  195  21:12  Supply Depot  
  195  21:20  Siege Tank  
  195  21:24  Refinery  
  198  21:27  Sensor Tower  
  198  21:39  SCV  
  200  21:40  SCV  
  200  21:42  Siege Tank  
  192  21:54  Siege Tank  
  183  21:55  Ghost x2  
  183  21:56  Marine x7  
  183  22:06  Marine x3  
  183  22:14  Marine x7, Siege Tank  
  129  22:23  Marine x2  
  129  22:24  Marine x2  
  129  22:28  Ghost  
  132  22:32  Marine  
  132  22:33  Orbital Command  
  121  23:00  Orbital Command  
  121  23:01  Marine x10  
  121  23:02  Marine x2  
  123  23:18  Marine  
  123  23:19  Marine x8  
  128  23:33  Orbital Command  
  92  23:45  Marine x10  
  92  23:48  Refinery  
  99  23:55  Marine x2  
  101  24:02  Marine  
  101  24:03  Marine x8  
  96  24:33  Ghost  
  96  24:34  Marine x3  
  85  24:40  Marine  
  85  24:41  Marine  

Tags
 
Add a new tag
Caveats
  • Supply blocks, unpowered buildings, or Contaminate may cause inaccurate times.
  • Supply counts are checked every 10 seconds.